 Dungeon Crawl Stone Soup version 0.17-a0-1475-g9f81d98 (webtiles) character file.

28 Helmschank the Conjurer (level 3, 0/19 HPs)
             Began as a Tengu Conjurer on June 28, 2015.
             Slain by Sigmund
             ... wielding a +0 scythe
              (3 damage)
             ... on level 2 of the Dungeon on July 2, 2015.
             The game lasted 00:10:25 (1262 turns).

Helmschank the Conjurer (Tengu Conjurer)            Turns: 1262, Time: 00:10:25

Health: 0/19       AC:  3    Str:  9    XL:     3   Next: 12%
Magic:  0/8        EV: 12    Int: 15    God:
Gold:   75         SH:  0    Dex: 14    Spells: 3 memorised, 1 level left

rFire  . . .     SeeInvis .     f - -3 dagger (curse)
rCold  . . .     Clarity  .     a - +0 robe
rNeg   . . .     SustAt   .     (no shield)
rPois  .         Gourm    .     g - +1 hat
rElec  .         Spirit   .     (no cloak)
rCorr  .         Warding  .     (no gloves)
rMut   .         Stasis   .     (boots unavailable)
MR     .....                    (no amulet)
Stlth  ++........               (no ring)
                                (no ring)

@: not resistant to hostile enchantments, unstealthy
A: beak, talons 3
a: no special abilities


You were on level 2 of the Dungeon.
You were not hungry.

You visited 1 branch of the dungeon, and saw 2 of its levels.

You collected 75 gold pieces.

Inventory:

Hand weapons
 f - a cursed -3 dagger (weapon)
 i - a +0 short sword
 p - a +0 rapier
Missiles
 n - 52 stones (quivered)
 s - 26 arrows
Armour
 a - a +0 robe (worn)
 g - a +1 hat (worn)
 j - a +0 leather armour
Scrolls
 d - a scroll of enchant armour {unknown}
 e - 2 scrolls of remove curse {unknown}
 h - 2 scrolls of identify {unknown}
 m - 2 scrolls of random uselessness {unknown}
Potions
 k - a potion of curing {unknown}
 l - a potion of heal wounds {unknown}
Books
 b - a book of Conjurations

   Spells                             Type                      Level
   a - Magic Dart                     Conjuration                  1
   b - Searing Ray                    Conjuration                  2
   c - Dazzling Spray                 Conjuration/Hexes            3
   d - Fulminant Prism                Conjuration/Hexes            4
   e - Iskenderun's Mystic Blast      Conjuration                  4
   f - Iskenderun's Battlesphere      Conjuration/Charms           5
Comestibles
 c - 2 bread rations
 o - a chunk of flesh
 q - a royal jelly
 r - a meat ration


   Skills:
 - Level 2.1 Dodging
 - Level 2.0 Stealth
 + Level 2.9 Spellcasting
 + Level 5.8 Conjurations


You had one spell level left.
You knew the following spells:

 Your Spells              Type           Power        Failure   Level  Hunger
a - Searing Ray           Conj           ###...       2%          2    ##.....
s - Dazzling Spray        Conj/Hex       ##......     21%         3    ###....
z - Magic Dart            Conj           ###.         1%          1    #......


Dungeon Overview and Level Annotations

Branches:
Dungeon (2/15)

Altars:

Annotations:
D:2 Sigmund


Innate Abilities, Weirdness & Mutations

You have a beak for a mouth.
You have claws for feet.


Message History

Fire/throw which item? (* to show all) (? for menu, Esc to quit)
Press: ? - help, Shift-Dir - straight line You throw a stone.
Something hits you but does no damage.
Casting: Magic Dart
Confirm with . or Enter, or press ? or * to list all spells.
Okay, then.
Casting: Magic Dart
Confirm with . or Enter, or press ? or * to list all spells.
Aiming: Searing Ray
Press: ? - help, Shift-Dir - straight line The searing ray hits something.
Something hits you! Something barely misses you.
Casting: Searing Ray
Confirm with . or Enter, or press ? or * to list all spells.
Aiming: Searing Ray
Press: ? - help, Shift-Dir - straight line The searing ray hits something.
Something hits you!
* * * LOW HITPOINT WARNING * * *
The searing ray hits something.
Something hits you.
You die...

#.....######. .##
#......... . ... #.# #
#.# #.# #. #.# ##.#
#.###.# #..# #.. ...#)#
#.## #.# #.#.########w#
#.# #.....@.....(# #.#
#.###.#####..# #.#
#.....# #.# #..# #.#
###.### #.# #..# #####.#
#. #.# #..# #...... #
####.#####..####.###.#
#.......รท.........##.#
......#.###########.###.#
......#.# ### #.#


You could see a worm (wandering).

Vanquished Creatures
  A worm (D:2)
  2 giant geckos
  A ball python (D:1)
  4 bats
  2 hobgoblins (D:1)
  3 kobolds (D:1)
  5 giant newts
  2 goblins (D:1)
  3 rats
23 creatures vanquished.

Notes
Turn   | Place    | Note
--------------------------------------------------------------
     0 | D:1      | Helmschank the Tengu Conjurer began the quest for the Orb.
     0 | D:1      | Reached XP level 1. HP: 10/10 MP: 4/4
   261 | D:1      | Reached XP level 2. HP: 13/15 MP: 6/6
   529 | D:1      | Learned a level 2 spell: Searing Ray
  1006 | D:2      | Reached XP level 3. HP: 19/19 MP: 6/8
  1126 | D:2      | Upgraded the game from 0.17-a0-1443-g24042e0 to 0.17-a0-1475-g9f81d98
  1155 | D:2      | Noticed Sigmund
  1185 | D:2      | Learned a level 3 spell: Dazzling Spray
  1262 | D:2      | Slain by Sigmund

Vault maps used:
D:1:      eino_arrival_water_cross
D:2:      nicolae_overflow_hidden_temple, uniq_sigmund

Action                   || total
-------------------------++-------
Melee: Dagger            ||    15
Throw: Stone             ||     6
 Cast: Magic Dart        ||    46
       Searing Ray       ||     5
  Eat: Chunk             ||     2
